PCL
SANTA MONICA BRUINS @ MILE HIGH BRONCOS
07/12/2026
 
TOP OF THE 1ST
Santa Monica Bruins batting - Pitching for Mile High Broncos : RHP José García
Pitching: RHP José García
Batting: LHB Brent Alonzo 0-0: Called Strike
0-1: Ground out 6-3 (Groundball, 6)
Batting: LHB Patrick Osborne 0-0: Fly out, F8 (Flyball, 8LD)
Batting: LHB Ray Bryant 0-0: Ball
1-0: Called Strike
1-1: Ball
2-1: Foul Ball, location: 2F
2-2: Ball
3-2: Foul Ball, location: 2F
3-2: Fly out, F7 (Flyball, 7S)
Top of the 1st over - 0 run(s), 0 hit(s), 0 error(s), 0 left on base; Santa Monica 0 - Mile High 0
BOTTOM OF THE 1ST
Mile High Broncos batting - Pitching for Santa Monica Bruins : RHP Riley Johnston
Pitching: RHP Riley Johnston
Batting: SHB Tom Stevens 0-0: Foul Ball, location: 2F
0-1: Ground out 6-3 (Groundball, 6)
Batting: SHB Paco Martínez 0-0: Ball
1-0: Foul Ball, location: 2F
1-1: Foul Ball, location: 2F
1-2: Ball
2-2: Foul Ball, location: 2F
2-2: Ball
3-2: Ground out 4-3 (Groundball, 4)
Batting: LHB Tony Báez 0-0: Fly out, F7 (Flyball, 78XD)
Bottom of the 1st over - 0 run(s), 0 hit(s), 0 error(s), 0 left on base; Santa Monica 0 - Mile High 0
TOP OF THE 2ND
Santa Monica Bruins batting - Pitching for Mile High Broncos : RHP José García
Batting: LHB Jeffrey Bascombe 0-0: Called Strike
0-1: Swinging Strike
0-2: Ball
1-2: Ball
2-2: SINGLE (Line Drive, 56)
Batting: RHB Luis Martínez 0-0: Called Strike
0-1: Ball
1-1: Fly out, F8 (Flyball, 8LM)
Batting: LHB Noriaki Sangi 0-0: Called Strike
0-1: Swinging Strike
0-2: Foul Ball, location: 2F
0-2: Ground out 5-3 (Groundball, 56S)
Jeffrey Bascombe to second
Batting: RHB Alfredo López 0-0: Called Strike
0-1: Ball
1-1: Ball
2-1: Foul Ball, location: 2F
2-2: Ball
3-2: Foul Ball, location: 2F
3-2: Strikes out looking
Top of the 2nd over - 0 run(s), 1 hit(s), 0 error(s), 1 left on base; Santa Monica 0 - Mile High 0
BOTTOM OF THE 2ND
Mile High Broncos batting - Pitching for Santa Monica Bruins : RHP Riley Johnston
Batting: RHB António Martínez 0-0: Ball
1-0: Ball
2-0: Fly out, F9 (Flyball, 9LM)
Batting: RHB David Moran 0-0: Ball
1-0: Foul Ball, location: 2F
1-1: SINGLE (Line Drive, 3L)
Batting: RHB Bo Vickers 0-0: Fly out, F8 (Flyball, 89XD)
Now in CF: Francisco Castillo
Batting: LHB Geoff Bradley 0-0: Ball
1-0: Swinging Strike
1-1: Called Strike
1-2: Ball
2-2: Foul Ball, location: 2F
2-2: SINGLE (Line Drive, 8RS)
David Moran to second
Batting: RHB José Darias 0-0: Called Strike
0-1: Foul Ball, location: 2F
0-2: Foul Ball, location: 2F
0-2: Strikes out swinging
Bottom of the 2nd over - 0 run(s), 2 hit(s), 0 error(s), 2 left on base; Santa Monica 0 - Mile High 0
TOP OF THE 3RD
Santa Monica Bruins batting - Pitching for Mile High Broncos : RHP José García
Batting: RHB Justin Burgess 0-0: Called Strike
0-1: Ball
1-1: Ball
2-1: Ball
3-1: Fly out, F9 (Flyball, 89M)
Batting: RHB Brandon Callahan 0-0: Ball
1-0: Ground out 4-3 (Groundball, 4)
Batting: LHB Brent Alonzo 0-0: Ball
1-0: Ball
2-0: Ball
3-0: Base on Balls
Batting: LHB Patrick Osborne 0-0: Ball
Wild Pitch!
Brent Alonzo to second
1-0: Ball
2-0: Foul Ball, location: 2F
2-1: Foul Ball, location: 2F
2-2: SINGLE (Groundball, 56D)
Brent Alonzo to third
Runner from 3rd tries for Home, SAFE, no throw or cutoff
Batting: LHB Ray Bryant 0-0: Called Strike
0-1: Ball
1-1: Ball
2-1: 2-RUN HOME RUN (Flyball, 9D), Distance : 366 ft
Batting: LHB Jeffrey Bascombe 0-0: Called Strike
0-1: Ball
1-1: Foul Ball, location: 2F
1-2: Strikes out swinging
Top of the 3rd over - 3 run(s), 2 hit(s), 0 error(s), 0 left on base; Santa Monica 3 - Mile High 0
BOTTOM OF THE 3RD
Mile High Broncos batting - Pitching for Santa Monica Bruins : RHP Riley Johnston
Batting: RHB Francisco Medina 0-0: Ball
1-0: Fly out, F2 (Popup, 2RF)
Batting: SHB Tom Stevens 0-0: Ball
1-0: Ball
2-0: Foul Ball, location: 2F
2-1: Foul Ball, location: 2F
2-2: Strikes out swinging
Batting: SHB Paco Martínez 0-0: Ball
1-0: SINGLE (Groundball, 5S)
Batting: LHB Tony Báez 0-0: Fly out, F5 (Popup, 5F)
Bottom of the 3rd over - 0 run(s), 1 hit(s), 0 error(s), 1 left on base; Santa Monica 3 - Mile High 0
TOP OF THE 4TH
Santa Monica Bruins batting - Pitching for Mile High Broncos : RHP José García
Batting: RHB Luis Martínez 0-0: Called Strike
0-1: Foul Ball, location: 2F
0-2: Ball
1-2: Ball
2-2: Foul Ball, location: 2F
2-2: Ball
3-2: Foul Ball, location: 2F
3-2: Fly out, F8 (Flyball, 8LS)
Batting: LHB Noriaki Sangi 0-0: Ball
1-0: Ball
2-0: Ball
3-0: Called Strike
3-1: Foul Ball, location: 2F
3-2: Fly out, F8 (Flyball, 8LXD)
Batting: RHB Francisco Castillo 0-0: Ball
1-0: Ball
2-0: Ground out 2-3 (Groundball, 25)
Top of the 4th over - 0 run(s), 0 hit(s), 0 error(s), 0 left on base; Santa Monica 3 - Mile High 0
BOTTOM OF THE 4TH
Mile High Broncos batting - Pitching for Santa Monica Bruins : RHP Riley Johnston
Batting: RHB António Martínez 0-0: Swinging Strike
0-1: Foul Ball, location: 2F
0-2: Ball
1-2: Ball
2-2: Ball
3-2: SINGLE (Groundball, 34D)
Batting: RHB David Moran 0-0: Ball
1-0: Fly out, F7 (Flyball, 78XD)
Batting: RHB Bo Vickers 0-0: Foul Ball, location: 2F
0-1: Ball
1-1: Ball
2-1: Ball
3-1: SINGLE (Groundball, 15) (infield hit)
António Martínez to second
Batting: LHB Geoff Bradley 0-0: Called Strike
0-1: Swinging Strike
0-2: Ball
1-2: Ball
2-2: Foul Ball, location: 2F
2-2: Strikes out swinging
Batting: RHB José Darias 0-0: Swinging Strike
0-1: Ball
1-1: Ground out 5-3 (Groundball, 56)
Bottom of the 4th over - 0 run(s), 2 hit(s), 0 error(s), 2 left on base; Santa Monica 3 - Mile High 0
TOP OF THE 5TH
Santa Monica Bruins batting - Pitching for Mile High Broncos : RHP José García
Batting: RHB Justin Burgess 0-0: Foul Ball, location: 2F
0-1: Foul Ball, location: 2F
0-2: Ball
1-2: Foul Ball, location: 2F
1-2: Foul Ball, location: 2F
1-2: Foul Ball, location: 2F
1-2: Ball
2-2: Strikes out looking
Batting: RHB Brandon Callahan 0-0: Called Strike
0-1: Foul Ball, location: 2F
0-2: Strikes out looking
Batting: LHB Brent Alonzo 0-0: Ball
1-0: Fly out, F5 (Popup, 25F)
Top of the 5th over - 0 run(s), 0 hit(s), 0 error(s), 0 left on base; Santa Monica 3 - Mile High 0
BOTTOM OF THE 5TH
Mile High Broncos batting - Pitching for Santa Monica Bruins : RHP Riley Johnston
Batting: RHB Francisco Medina 0-0: Fly out, F9 (Line Drive, 9M)
Batting: SHB Tom Stevens 0-0: Foul Ball, location: 2F
0-1: SINGLE (Groundball, 56D)
Batting: SHB Paco Martínez 0-0: Ball
1-0: Fly out, F8 (Flyball, 8LM)
Batting: LHB Tony Báez 0-0: Fly out, F8 (Flyball, 8RM)
Bottom of the 5th over - 0 run(s), 1 hit(s), 0 error(s), 1 left on base; Santa Monica 3 - Mile High 0
TOP OF THE 6TH
Santa Monica Bruins batting - Pitching for Mile High Broncos : RHP José García
Batting: LHB Patrick Osborne 0-0: Ball
1-0: Ball
2-0: Foul Ball, location: 2F
2-1: SINGLE (Groundball, 6M)
Batting: LHB Ray Bryant 0-0: Ball
1-0: Ball
2-0: Called Strike
2-1: Ball
3-1: Base on Balls
Patrick Osborne to second
Batting: LHB Jeffrey Bascombe 0-0: Ball
1-0: Called Strike
1-1: Ball
2-1: Fielders Choice at 2nd, 3-6 (Groundball, 3)
Patrick Osborne to third
Batting: RHB Luis Martínez 0-0: Called Strike
0-1: Ball
Passed Ball!
Patrick Osborne scores
Jeffrey Bascombe to second
1-1: Foul Ball, location: 2F
1-2: Ball
2-2: Ground out 6-3 (Groundball, 6)
Pitching: LHP Robin Wilder
Batting: LHB Noriaki Sangi 0-0: Called Strike
0-1: Ball
1-1: Foul Ball, location: 2F
1-2: Foul Ball, location: 2F
1-2: Ball
2-2: Ball
3-2: Foul Ball, location: 2F
3-2: Ground out 4-3 (Groundball, 4)
Top of the 6th over - 1 run(s), 1 hit(s), 0 error(s), 1 left on base; Santa Monica 4 - Mile High 0
BOTTOM OF THE 6TH
Mile High Broncos batting - Pitching for Santa Monica Bruins : RHP Riley Johnston
Batting: RHB António Martínez 0-0: Swinging Strike
0-1: Ball
1-1: Ball
2-1: Foul Ball, location: 2F
2-2: Fly out, F9 (Line Drive, 89D)
Batting: RHB David Moran 0-0: Called Strike
0-1: SINGLE (Groundball, 6)
Batting: RHB Bo Vickers 0-0: Called Strike
0-1: Called Strike
0-2: Fly out, F7 (Flyball, 7M)
Batting: LHB Geoff Bradley 0-0: Called Strike
0-1: Ball
1-1: Foul Ball, location: 2F
1-2: Foul Ball, location: 2F
1-2: Foul Ball, location: 2F
1-2: Ball
2-2: Ball
3-2: Strikes out swinging
Bottom of the 6th over - 0 run(s), 1 hit(s), 0 error(s), 1 left on base; Santa Monica 4 - Mile High 0
TOP OF THE 7TH
Santa Monica Bruins batting - Pitching for Mile High Broncos : LHP Robin Wilder
Batting: RHB Francisco Castillo 0-0: Ball
1-0: Swinging Strike
1-1: Called Strike
1-2: Ball
2-2: Ball
3-2: Base on Balls
Batting: RHB Justin Burgess 0-0: Sac Bunt - play at first, batter OUT! U3
Francisco Castillo to second
Batting: RHB Brandon Callahan 0-0: Intentional Walk
Batting: LHB Brent Alonzo 0-0: Ball
1-0: Ball
2-0: Foul Ball, location: 2F
2-1: Ball
3-1: Called Strike
3-2: Base on Balls
Francisco Castillo to third
Brandon Callahan to second
Batting: LHB Patrick Osborne 0-0: Foul Ball, location: 2F
0-1: Ball
1-1: Called Strike
1-2: Strikes out swinging
Batting: LHB Ray Bryant 0-0: Called Strike
0-1: Ball
1-1: Foul Ball, location: 2F
1-2: Ball
2-2: Strikes out looking
Top of the 7th over - 0 run(s), 0 hit(s), 0 error(s), 3 left on base; Santa Monica 4 - Mile High 0
BOTTOM OF THE 7TH
Mile High Broncos batting - Pitching for Santa Monica Bruins : RHP Riley Johnston
Batting: RHB José Darias 0-0: Foul Ball, location: 2F
0-1: Ball
1-1: Swinging Strike
1-2: SINGLE (Line Drive, 89S)
Batting: RHB Francisco Medina 0-0: Ball
1-0: Called Strike
1-1: Ground out 5-3 (Groundball, 56S)
José Darias to second
Pitching: RHP Álex Serrea
Batting: SHB Tom Stevens 0-0: Ball
1-0: Swinging Strike
1-1: Ball
2-1: Foul Ball, location: 2F
2-2: Ground out 4-3 (Groundball, 34)
José Darias to third
Batting: SHB Paco Martínez 0-0: Ball
1-0: Called Strike
1-1: Ground out 6-3 (Groundball, 6M)
Bottom of the 7th over - 0 run(s), 1 hit(s), 0 error(s), 1 left on base; Santa Monica 4 - Mile High 0
TOP OF THE 8TH
Santa Monica Bruins batting - Pitching for Mile High Broncos : LHP Robin Wilder
Batting: LHB Jeffrey Bascombe 0-0: Ball
1-0: Ball
2-0: Ball
3-0: Called Strike
3-1: Fly out, F9 (Flyball, 89XD)
Batting: RHB Luis Martínez 0-0: Called Strike
0-1: Foul Ball, location: 2F
0-2: Strikes out swinging
Batting: LHB Noriaki Sangi 0-0: Ball
1-0: Called Strike
1-1: Ball
2-1: Ball
3-1: Foul Ball, location: 2F
3-2: Hit by Pitch
Batting: RHB Francisco Castillo 0-0: Ball
1-0: Called Strike
1-1: Foul Ball, location: 2F
1-2: Strikes out swinging
Top of the 8th over - 0 run(s), 0 hit(s), 0 error(s), 1 left on base; Santa Monica 4 - Mile High 0
BOTTOM OF THE 8TH
Mile High Broncos batting - Pitching for Santa Monica Bruins : RHP Álex Serrea
Batting: LHB Tony Báez 0-0: Ground out 4-3 (Groundball, 34)
Batting: RHB António Martínez 0-0: Called Strike
0-1: Foul Ball, location: 2F
0-2: Ball
1-2: Foul Ball, location: 2F
1-2: Strikes out swinging
Batting: RHB David Moran 0-0: Called Strike
0-1: Ball
1-1: Called Strike
1-2: Ground out 1-3 (Groundball, 13S)
Bottom of the 8th over - 0 run(s), 0 hit(s), 0 error(s), 0 left on base; Santa Monica 4 - Mile High 0
TOP OF THE 9TH
Santa Monica Bruins batting - Pitching for Mile High Broncos : LHP Robin Wilder
Pitching: RHP Tony Marrero
Batting: RHB Justin Burgess 0-0: Called Strike
0-1: Called Strike
0-2: SOLO HOME RUN (Flyball, 8LXD), Distance : 434 ft
Batting: RHB Brandon Callahan 0-0: Called Strike
0-1: Called Strike
0-2: Ball
1-2: Strikes out swinging, 2-3 out at first.
Batting: LHB Brent Alonzo 0-0: TRIPLE (Line Drive, 3L)
Batting: LHB Patrick Osborne 0-0: Called Strike
0-1: Swinging Strike
0-2: Strikes out looking
Batting: LHB Ray Bryant 0-0: Ball
1-0: Called Strike
1-1: Called Strike
1-2: Strikes out looking
Top of the 9th over - 1 run(s), 2 hit(s), 0 error(s), 1 left on base; Santa Monica 5 - Mile High 0
BOTTOM OF THE 9TH
Mile High Broncos batting - Pitching for Santa Monica Bruins : RHP Álex Serrea
Now at C: Bonifacio Torres
Now at 3B: José García
Batting: RHB Bo Vickers 0-0: Ground out 5-3 (Groundball, 5L)
Batting: LHB Geoff Bradley 0-0: Swinging Strike
0-1: Fly out, F6 (Popup, 5)
Batting: RHB José Darias 0-0: Ground out 5-3 (Groundball, 5S)
Bottom of the 9th over - 0 run(s), 0 hit(s), 0 error(s), 0 left on base; Santa Monica 5 - Mile High 0
Monday, December 5th, 2016 - OOTP Baseball 17.12 Build 75